 Dungeon Sprint DCSS version 0.28-a0-1387-g3a22ab9bdc (webtiles) character file.

Game seed: 17631067033989599894

118 greenreed the Chiller (level 5, -5/41 HPs)
             Began as a Gnoll Ice Elementalist on Jan 2, 2022.
             Incinerated by a deep elf pyromancer (8 damage)
             ... with a sticky flame
             ... in the Dungeon (Sprint III: "The Ten Rune Challenge").
             The game lasted 00:04:17 (534 turns).

greenreed the Chiller (Gnoll Ice Elementalist)       Turns: 534, Time: 00:04:18

Health: -5/41      AC:  2    Str:  8    XL:     5   Next: 2%
Magic:  7/13       EV: 13    Int: 16    God:
Gold:   10         SH:  4    Dex: 12    Spells: 8/15 levels left

rFire   . . .      SeeInvis .   i - +0 dagger
rCold   . . .      Faith    .   h - +0 buckler
rNeg    . . .      Spirit   .   a - +0 robe
rPois   .          Reflect  .   (no helmet)
rElec   .          Harm     .   (no cloak)
rCorr   .          Rampage  .   (no gloves)
Will    .....      NoTele   +   (no boots)
Stlth   +.........              (no amulet)
HPRegen 0.13/turn               (no ring)
MPRegen 0.13/turn               (no ring)

@: on fire, glowing
A: fangs 1, strong nose, distributed training
a: no special abilities


You were in the Dungeon.
You visited 1 branch You collected 10 gold pieces.

Inventory:

Hand Weapons
 i - a +0 dagger (weapon)
Armour
 a - a +0 robe (worn)
 h - a +0 buckler (worn)
Scrolls
 k - 2 scrolls of holy word
Potions
 b - a potion of curing
 c - 2 potions of heal wounds
 d - 2 potions of haste
 e - 2 potions of magic
 f - a potion of berserk rage
 j - 4 potions of mutation
 m - a potion of might


   Skills:
 + Level 3.1 Fighting
 + Level 3.1 Short Blades
 + Level 3.1 Long Blades
 + Level 3.1 Axes
 + Level 3.1 Maces & Flails
 + Level 3.1 Polearms
 + Level 3.1 Staves
 + Level 3.1 Slings
 + Level 3.1 Bows
 + Level 3.1 Crossbows
 + Level 3.1 Throwing
 + Level 3.1 Armour
 + Level 5.6 Dodging
 + Level 5.2 Stealth
 + Level 3.1 Shields
 + Level 3.1 Unarmed Combat
 + Level 5.9 Spellcasting
 + Level 2.5 Conjurations
 + Level 2.5 Hexes
 + Level 2.5 Summonings
 + Level 2.5 Necromancy
 + Level 2.5 Translocations
 + Level 2.5 Transmutations
 + Level 2.5 Fire Magic
 + Level 7.6 Ice Magic
 + Level 2.5 Air Magic
 + Level 2.5 Earth Magic
 + Level 2.5 Poison Magic
 + Level 3.4 Invocations
 + Level 3.1 Evocations


You had 8 spell levels left.
You knew the following spells:

 Your Spells              Type           Power      Damage    Failure   Level
a - Freeze                Ice            100%       1d11      1%          1
b - Frozen Ramparts       Ice            58%        1d7       1%          3
c - Ozocubu's Armour      Ice            29%        N/A       1%          3

Your spell library contained the following spells:

 Spells                   Type           Power      Damage    Failure   Level
 Hailstorm                Conj/Ice       21%        3d6       19%         4


Dungeon Overview and Level Annotations

Branches:
Dungeon (1/1)

Altars:
Elyvilon
Zin
The Shining One


Innate Abilities, Weirdness & Mutations

You have very sharp teeth.
Your uncanny sense of smell can sniff out nearby items.
Your experience applies equally to all skills.


Message History

You open the door.
Found three altars.
A deep elf pyromancer comes into view.
It is wielding a +0 long sword of holy wrath.
Found 2 potions of heal wounds.
There is an open door here.
Press: ? - help, v - describe, . - travel
Here: a deep elf pyromancer, wielding a +0 long sword of holy wrath The floor.
Casting: Freeze (safe; 1% risk of failure)
Confirm with . or Enter, or press ? or * to list all spells.
Casting: Frozen Ramparts (safe; 1% risk of failure)
Press: ? - help, Dir - look around, f - activate An open door.
The walls around you are covered in ice.
The wall freezes the deep elf pyromancer.
The deep elf pyromancer gestures at you while chanting.
The bolt of fire hits you!!
Ouch! That really hurt!
* * * LOW HITPOINT WARNING * * *
Casting: Frozen Ramparts (safe; 1% risk of failure)
Confirm with . or Enter, or press ? or * to list all spells.
A film of ice covers your body!
The wall freezes the deep elf pyromancer.
The deep elf pyromancer points at you and mumbles some strange words.
The sticky flame hits you but does no damage.
You are covered in liquid flames!
The heat melts your icy armour.
Blink to where?
Press: ? - help, Dir - move target Your icy armour and frozen ramparts will break if you move.
Continue?
Your icy armour cracks and falls away as you move.
The frozen ramparts melt away as you move.
As you read the scroll of blinking, it crumbles to dust.
You are covered in liquid flames!
* * * LOW HITPOINT WARNING * * *
You can't go down here!
You can't go up here!
You close the door.
You are covered in liquid flames!
You die...

▓▓▓▓▓▓▓▓▓▓▓▓ ▓▓▓
<.#..'.....♣ ♣.#####
..#..#....♣♣♣ ♣♣.#___# ∆
#'####......♣ ♣..#!..# ∆ ∆
.†...#....≈♣♣♣♣..###e#+###+#
.....#...≈≈♣.....#..........
.....#..≈≈≈≈.♣♣.@+.⌠........
####'#..≈≈≈≈≈≈♣♣.#...######+
.....#.≈≈≈≈≈≈....#.⌠.#
.[...#.≈≈≈≈≈.....#...#∆
.....#.≈≈≈.......#+###
'#####...........# ∆∆
....÷............#
▓▓▓▓▓▓▓▓▓▓▓▓▓▓▓▓▓▓


There were no monsters in sight!

Vanquished Creatures
  A water elemental (D)
  Jessica (D)
  A human (D)
  A wolf (D)
  An endoplasm (D)
  2 rats (D)
7 creatures vanquished.

Notes
Turn   | Place    | Note
-------+----------+-------------------------------------------
     0 | D        | greenreed the Gnoll Ice Elementalist began the quest for
                  | the Orb.
     0 | D        | Reached XP level 1. HP: 13/13 MP: 6/6
    36 | D        | Noticed Jessica
    41 | D        | Killed Jessica
    42 | D        | Reached skill level 1 in Fighting
    42 | D        | Reached skill level 1 in Short Blades
    42 | D        | Reached skill level 1 in Long Blades
    42 | D        | Reached skill level 1 in Axes
    42 | D        | Reached skill level 1 in Maces & Flails
    42 | D        | Reached skill level 1 in Polearms
    42 | D        | Reached skill level 1 in Staves
    42 | D        | Reached skill level 1 in Slings
    42 | D        | Reached skill level 1 in Bows
    42 | D        | Reached skill level 1 in Crossbows
    42 | D        | Reached skill level 1 in Throwing
    42 | D        | Reached skill level 1 in Armour
    42 | D        | Reached skill level 1 in Shields
    42 | D        | Reached skill level 1 in Unarmed Combat
    42 | D        | Reached skill level 5 in Spellcasting
    42 | D        | Reached skill level 1 in Conjurations
    42 | D        | Reached skill level 1 in Hexes
    42 | D        | Reached skill level 1 in Summonings
    42 | D        | Reached skill level 1 in Necromancy
    42 | D        | Reached skill level 1 in Translocations
    42 | D        | Reached skill level 1 in Transmutations
    42 | D        | Reached skill level 1 in Fire Magic
    42 | D        | Reached skill level 1 in Air Magic
    42 | D        | Reached skill level 1 in Earth Magic
    42 | D        | Reached skill level 1 in Poison Magic
    42 | D        | Reached skill level 1 in Evocations
    42 | D        | Reached XP level 2. HP: 19/22 MP: 4/8
    42 | D        | Reached XP level 3. HP: 24/27 MP: 4/9
    46 | D        | Learned a level 3 spell: Frozen Ramparts
    50 | D        | Learned a level 3 spell: Ozocubu's Armour
   107 | D        | Reached skill level 5 in Dodging
   316 | D        | Reached XP level 4. HP: 32/34 MP: 3/11
   391 | D        | Noticed a water elemental
   413 | D        | Killed a water elemental
   414 | D        | Reached skill level 5 in Stealth
   414 | D        | Reached XP level 5. HP: 28/41 MP: 4/13
   529 | D        | Found a glowing silver altar of Zin.
   529 | D        | Found a glowing golden altar of the Shining One.
   529 | D        | Found a white marble altar of Elyvilon.
   530 | D        | Noticed a deep elf pyromancer
   534 | D        | Incinerated by a deep elf pyromancer

Illustrated notes

Levels and vault maps discovered:
D:        dungeon_sprint_mu [sprint_mu_entry_forest, sprint_mu_temple_rooms,
          sprint_mu_d1_horrors, sprint_mu_d2_genie, sprint_mu_d3_branching,
          sprint_mu_orc_legion, sprint_mu_elf_gauntlet, sprint_mu_hive_nellie,
          sprint_mu_lair_fedhas, sprint_mu_vaults_butterflies,
          sprint_mu_slime_circle, sprint_mu_swamp_cave, sprint_mu_shoals_archi,
          sprint_mu_blade_basic, sprint_mu_crypt_fortress,
          sprint_mu_tomb_spiral, sprint_mu_vestibule_basic,
          sprint_mu_gehenna_hellfire, sprint_mu_dis_giant,
          sprint_mu_tartarus_statrot, sprint_mu_cocytus_islands, sprint_mu_zot1]

Skill      XL: |  1  2  3  4 |
---------------+-------------+-----
Fighting       | 1 2 3 |  3.1
Short Blades   | 1 2 3 |  3.1
Long Blades    | 1 2 3 |  3.1
Axes           | 1 2 3 |  3.1
Maces & Flails | 1 2 3 |  3.1
Polearms       | 1 2 3 |  3.1
Staves         | 1 2 3 |  3.1
Slings         | 1 2 3 |  3.1
Bows           | 1 2 3 |  3.1
Crossbows      | 1 2 3 |  3.1
Throwing       | 1 2 3 |  3.1
Armour         | 1 2 3 |  3.1
Shields        | 1 2 3 |  3.1
Unarmed Combat | 1 2 3 |  3.1
Spellcasting   | 5 |  5.9
Conjurations   | 1 2 |  2.5
Hexes          | 1 2 |  2.5
Summonings     | 1 2 |  2.5
Necromancy     | 1 2 |  2.5
Translocations | 1 2 |  2.5
Transmutations | 1 2 |  2.5
Fire Magic     | 1 2 |  2.5
Air Magic      | 1 2 |  2.5
Earth Magic    | 1 2 |  2.5
Poison Magic   | 1 2 |  2.5
Invocations    | 2 3 |  3.4
Evocations     | 1 2 3 |  3.1
Dodging        | 5 |  5.6
Stealth        | 5 |  5.2
Ice Magic      | |  7.6

Action                   |  1- 3 |  4- 6 || total
-------------------------+-------+-------++-------
Melee: Dagger            |     4 |     2 ||     6
 Cast: Freeze            |     7 |     1 ||     8
       Ozocubu's Armour  |     2 |     2 ||     4
       Frozen Ramparts   |     2 |     2 ||     4
  Use: Scroll            |       |     4 ||     4
Armor: Robe              |     2 |     2 ||     4
Dodge: Dodged            |     4 |     2 ||     6
Block: Buckler           |       |     1 ||     1

Table legend: (Time is in decaauts)
 A = Elapsed time spent in this place.
 B = Non-inter-level travel time spent in this place.
 C = Inter-level travel time spent in this place.
 D = Time resting spent in this place.
 E = Time spent auto-exploring this place.
 F = Levels seen in this place.
 G = Mean time per level.
                   A        B        C        D        E       F      G
               +--------+--------+--------+--------+--------+-----+--------+
         Total |    534 |    531 |      3 |      0 |    216 |   1 |  534.0 |
       Dungeon |    534 |    531 |      3 |      0 |    216 |   1 |  534.0 |
               +--------+--------+--------+--------+--------+-----+--------+

Top non-repeatable levels by time:
       D: 534 daAuts
